 Dungeon Crawl Stone Soup version 0.30.1 (webtiles) character file.

Game seed: 7001715875377564833

17 javelincjr the Caller (level 2, -1/19 HPs)
             Began as a Demonspawn Summoner on July 13, 2023.
             Slain by a hobgoblin (5 damage)
             ... on level 1 of the Dungeon.
             The game lasted 00:03:15 (577 turns).

javelincjr the Caller (Demonspawn Summoner)          Turns: 577, Time: 00:03:16

Health: -1/19      AC:  2    Str:  8    XL:     2   Next: 44%
Magic:  1/5        EV: 12    Int: 16    God:
Gold:   23         SH:  0    Dex: 13    Spells: 2/5 levels left

rFire   . . .        g - +2 dagger (drain)
rCold   . . .        (no shield)
rNeg    . . .        a - +0 robe
rPois   .            (no helmet)
rElec   .            (no cloak)
rCorr   .            (no gloves)
SInv    .            (no boots)
Will    .....        (no amulet)
Stlth   ++           (no ring)
HPRegen 0.23/turn    (no ring)
MPRegen 0.09/turn

%: no passive effects
@: no status effects
A: weakness stinger 1
a: no special abilities


You were on level 1 of the Dungeon.
You visited 1 branch of the dungeon, and saw 1 of its levels.

You collected 23 gold pieces.

Inventory:

Hand Weapons
 e - a +0 short sword
 g - a +2 dagger of draining (weapon)
Missiles
 h - 3 silver javelins
Armour
 a - a +0 robe (worn)
Scrolls
 c - a scroll of brand weapon {unknown}
 d - 2 scrolls of identify {unknown}
 i - a scroll of silence {unknown}
Potions
 b - a potion of magic
 f - 2 potions of haste {unknown}


   Skills:
 + Level 2.1 Dodging
 + Level 2.1 Stealth
 + Level 2.2 Spellcasting
 + Level 4.1 Summonings


You had 2 spell levels left.
You knew the following spells:

 Your Spells              Type           Power      Damage    Failure   Level
a - Summon Small Mammal   Summ           60%        N/A       3%          1
b - Call Imp              Summ           30%        N/A       5%          2

Your spell library contained the following spells:

 Spells                   Type           Power      Damage    Failure   Level
 Call Canine Familiar     Summ           15%        N/A       11%         3
 Summon Guardian Golem    Hex/Summ       8%         N/A       26%         3
 Summon Lightning Spire   Summ/Air       8%         N/A       65%         4


Dungeon Overview and Level Annotations

Branches:
Dungeon (1/15)

Altars:


Innate Abilities, Weirdness & Mutations

You have a small tail.


Message History

You closely miss the hobgoblin.
A hobgoblin comes into view.
The hobgoblin hits you.
You hit the hobgoblin. You drain the hobgoblin.
You kill the hobgoblin!
Casting: Call Imp (safe; 5% risk of failure)
Confirm with . or Enter, or press ? or * to list all spells.
A tiny devil pulls itself out of the air.
Casting: Call Imp (safe; 5% risk of failure)
Confirm with . or Enter, or press ? or * to list all spells.
The kobold hits you with a +0 short sword.
The hobgoblin misses your bat.
Your cerulean imp barely misses the hobgoblin.
Casting: Summon Small Mammal (safe; 3% risk of failure)
Confirm with . or Enter, or press ? or * to list all spells.
Your bat misses the kobold.
The kobold hits you with a +0 short sword.
Your cerulean imp completely misses the hobgoblin.
You closely miss the kobold.
Your tail-slap misses the kobold.
Your bat closely misses the hobgoblin.
Your bat hits the kobold but does no damage.
The kobold hits you with a +0 short sword.
The hobgoblin hits you but does no damage.
Your bat hits the hobgoblin but does no damage.
Your cerulean imp hits the hobgoblin from afar with a -3 spear.
You closely miss the hobgoblin.
The hobgoblin is lightly wounded.
Your bat barely misses the kobold.
Your bat barely misses the hobgoblin. x2
The hobgoblin hits you.
The kobold hits you with a +0 short sword.
Your cerulean imp barely misses the hobgoblin.
You are too injured to fight recklessly!
You are too injured to fight recklessly!
Unknown command.
The kobold attacks as you move away!
The kobold hits you with a +0 short sword.
* * * LOW HITPOINT WARNING * * *
Your bat closely misses the hobgoblin.
Your bat hits the hobgoblin. The hobgoblin hits you.
You die...

##################
#...........†....#
#.##############.#
##)####### #.#
.......... #.#
...####### #.#
#### #.####.######
#..K.@........
......bg...######
######..b5..... .
#.##..###.# ## #$
#..# #. #... #.
..... #. .#.##


You could see a hobgoblin (ally target), a kobold (ally target), a friendly
cerulean imp (summoned) and 2 friendly bats.

Vanquished Creatures
  2 bats (D:1)
  A hobgoblin (D:1)
  A frilled lizard (D:1)
4 creatures vanquished.

Vanquished Creatures (collateral kills)
  A bat (D:1)
  A giant cockroach (D:1)
  A goblin (D:1)
  2 hobgoblins (D:1)
  3 kobolds (D:1)
  A ball python (D:1)
  A rat (D:1)
10 creatures vanquished.

Grand Total: 14 creatures vanquished

Notes
Turn   | Place    | Note
-------+----------+-------------------------------------------
     0 | D:1      | javelincjr the Demonspawn Summoner began the quest for the
                  | Orb.
     0 | D:1      | Reached XP level 1. HP: 13/13 MP: 3/3
   302 | D:1      | Gained mutation: You have a small tail. [demonic ancestry]
   302 | D:1      | Reached XP level 2. HP: 16/19 MP: 1/5
   305 | D:1      | Learned a level 2 spell: Call Imp
   577 | D:1      | Slain by a hobgoblin

Illustrated notes

Levels and vault maps discovered:
D:1:      eino_arrival_druids_welcome, layout_loops_ring,
          chequers_serial_rivers_micro_e, corexii_leaking_fountain

Skill      XL: |  1 |
---------------+----+-----
Stealth        | 2 |  2.1
Dodging        | 2 |  2.1
Spellcasting   | |  2.2
Summonings     | |  4.1

Action                     || total
---------------------------++-------
  Melee: Unarmed           ||    70
         Dagger            ||    16
         Tailslap          ||     2
   Cast: Summon Small Mamm ||    15
         Call Imp          ||     4
   Stab: Sleeping          ||     1
 Armour: Robe              ||    35
  Dodge: Dodged            ||    66
